 Dungeon Crawl Stone Soup version 0.27-a0-631-g2d681adce0 (webtiles) character file.

Game seed: 7433117921120873351

93 wakim the Stinger (level 4, -3/24 HPs)
             Began as a Gargoyle Venom Mage on Mar 13, 2021.
             Killed by divine providence
             ... invoked by an orc priest
              (10 damage)
             ... on level 3 of the Dungeon.
             The game lasted 00:04:30 (1601 turns).

wakim the Stinger (Gargoyle Venom Mage)             Turns: 1601, Time: 00:04:31

Health: -3/24      AC:  5    Str: 11    XL:     4   Next: 62%
Magic:  3/8        EV: 11    Int: 17    God:
Gold:   104        SH:  0    Dex: 10    Spells: 6/8 levels left

rFire    . . .     SeeInvis .   a - +4 dagger
rCold    . . .     Faith    .   (no shield)
rNeg     + . .     Spirit   .   c - +0 robe
rPois    ∞         Reflect  .   (no helmet)
rElec    +         Harm     .   (no cloak)
rCorr    .         Rampage  .   (no gloves)
Will     .....                  (no boots)
Stlth    ++........             (no amulet)
HPRegen  0.08/turn              h - +4 ring of slaying
MPRegen  0.11/turn              j - ring of wizardry

@: no status effects
A: AC +3, negative energy resistance 1, electricity resistance, torment
resistance 1, unbreathing 1, petrification resistance
a: no special abilities


You were on level 3 of the Dungeon.
You visited 1 branch of the dungeon, and saw 3 of its levels.

You collected 104 gold pieces.

Inventory:

Hand Weapons
 a - a +4 dagger (weapon)
Missiles
 d - 3 boomerangs
 g - 29 poisoned darts
Armour
 c - a +0 robe (worn)
Jewellery
 h - a +4 ring of slaying (right hand)
 j - a ring of wizardry (left hand)
Potions
 b - a potion of ambrosia {unknown}
 k - a potion of brilliance {unknown}


   Skills:
 - Level 1.5 Dodging
 - Level 2.1 Stealth
 + Level 2.7 Spellcasting
 + Level 1.7 Transmutations
 * Level 4.2 Poison Magic


You had 6 spell levels left.
You knew the following spells:

 Your Spells              Type           Power      Damage    Failure   Level
s - Poisonous Vapours     Pois/Air       18%        N/A       4%          2

Your spell library contained the following spells:

 Spells                   Type           Power      Damage    Failure   Level
 Sting                    Tmut/Pois      48%        1d5       2%          1
 Ignite Poison            Fire/Tmut/Pois 9%         N/A       10%         3
 Mephitic Cloud           Conj/Pois/Air  7%         N/A       12%         3
 Olgreb's Toxic Radiance  Pois           16%        N/A       12%         4


Dungeon Overview and Level Annotations

Branches:
Dungeon (3/15)

Altars:


Innate Abilities, Weirdness & Mutations

Your stone body is resilient. (AC +3)
You are immune to poison.
You resist negative energy. (rN+)
You are resistant to electric shocks. (rElec)
You are resistant to unholy torment.
You can survive without breathing.
You are immune to petrification.


Message History

a jackal corpse; a bat corpse You puncture the orc!
You kill the orc!
No target in view!
No target in view!
No target in view!
No target in view!
No target in view!
No target in view!
No target in view!
No target in view!
No target in view!
No target in view!
No target in view!
No target in view!
No target in view!
No target in view!
An orc comes into view. It is wielding a +0 dagger.
Poisonous vapours surround the orc!
The orc shouts!
The orc is engulfed in poison gas.
The orc is poisoned.
You kill the orc!
d - 3 boomerangs a +0 dagger; a +0 leather armour; an orc corpse An orc priest comes into view.
Poisonous vapours surround the orc priest!
The orc priest shouts!
The orc priest is poisoned.
Poisonous vapours surround the orc priest!
An orc comes into view.
The orc priest is engulfed in poison gas.
The orc priest looks even sicker.
The orc priest calls down the wrath of Beogh upon you.
Beogh smites you!
Ouch! That really hurt!
* * * LOW HITPOINT WARNING * * *
You hear a shout!
The orc priest invokes the aid of Beogh against you.
Beogh smites you!
You die...

.###.######...#.........
........(....###.#######
.......†).†.## ##.#
..##.#####.#.###.##
..##.#.....##.#.##
(....#.#######.## ..####
#.# ..# #.#########. ..#
#..@).....oo ###
####.#####)#
#...#####.#.
#....†.h....
#...#######. .......#
..###...# ###.# #.#


You could see an orc priest (very poisoned).

Vanquished Creatures
  5 adders (D:2)
  A leopard gecko (D:2)
  2 orcs (D:3)
  4 bats
  5 giant cockroaches
  4 goblins
  5 hobgoblins
  4 jackals (D:3)
  A quokka (D:2)
  2 frilled lizards (D:1)
  3 kobolds
  10 rats
46 creatures vanquished.

Notes
Turn   | Place    | Note
-------+----------+-------------------------------------------
     0 | D:1      | wakim the Gargoyle Venom Mage began the quest for the Orb.
     0 | D:1      | Reached XP level 1. HP: 10/10 MP: 3/3
    90 | D:1      | Reached skill level 1 in Transmutations
    92 | D:1      | Reached XP level 2. HP: 14/15 MP: 5/5
   409 | D:1      | Learned a level 2 spell: Poisonous Vapours
   760 | D:2      | Reached XP level 3. HP: 19/19 MP: 6/6
  1055 | D:2      | Reached skill level 4 in Poison Magic
  1055 | D:2      | Reached XP level 4. HP: 24/24 MP: 2/7
  1601 | D:3      | Killed from afar by an orc priest

Illustrated notes

Levels and vault maps discovered:
D:1:      psy_arrival_statuary, layout_loops_ring, serial_park_tiny_pond,
          amcnicky_mini_pool_small
D:2:      layout_basic, kennysheep_path_1
D:3:      layout_loops_ring

Skill      XL: |  1  2  3 |
---------------+----------+-----
Transmutations | 1 |  1.7
Poison Magic   | 4 |  4.2
Dodging        | |  1.5
Stealth        | |  2.1
Spellcasting   | |  2.7

Action                   |  1- 3 |  4- 6 || total
-------------------------+-------+-------++-------
Melee: Short sword       |     6 |       ||     6
       Dagger            |    53 |    32 ||    85
 Cast: Sting             |     2 |       ||     2
       Poisonous Vapours |     5 |     5 ||    10
  Use: Scroll            |     4 |     1 ||     5
 Stab: Sleeping          |     6 |     2 ||     8
Armor: Robe              |    15 |    17 ||    32
Dodge: Dodged            |    33 |    22 ||    55

Table legend: (Time is in decaauts)
 A = Elapsed time spent in this place.
 B = Non-inter-level travel time spent in this place.
 C = Inter-level travel time spent in this place.
 D = Time resting spent in this place.
 E = Time spent auto-exploring this place.
 F = Levels seen in this place.
 G = Mean time per level.
                   A        B        C        D        E       F      G
               +--------+--------+--------+--------+--------+-----+--------+
         Total |   1599 |   1542 |     57 |      0 |   1224 |   3 |  533.0 |
       Dungeon |   1599 |   1542 |     57 |      0 |   1224 |   3 |  533.0 |
               +--------+--------+--------+--------+--------+-----+--------+

Top non-repeatable levels by time:
     D:1: 753 daAuts
     D:2: 739 daAuts
     D:3: 105 daAuts
